 Dungeon Crawl Stone Soup version 0.30.0-7-g0c4daa9e05 (webtiles) character file.

Game seed: 12323537213887047968

5293 Gabide the Nimble (level 10, -15/74 HPs)
             Began as an Octopode Gladiator on May 13, 2023.
             Was a Believer of Ru.
             Demolished by a two-headed ogre
             ... wielding a +0 giant club
              (19 damage)
             ... on level 8 of the Dungeon.
             The game lasted 00:13:24 (8438 turns).

Gabide the Nimble (Octopode Gladiator)              Turns: 8438, Time: 00:13:25

Health: -15/74     AC:  1    Str: 13    XL:     10   Next: 63%
Magic:  19/19      EV: 26    Int: 11    God:    Ru [**....]
Gold:   503        SH:  0    Dex: 24    Spells: 9/9 levels left

rFire   + .          .
                       - Unarmed
rCold   . . .        (no shield)
rNeg    . . .        a - +0 hat
rPois   .            o - amulet of faith
rElec   .            q - ring of magical power
rCorr   .            i - +6 ring of dexterity
SInv    +            s - +5 ring of evasion
Will    .....        y - ring of see invisible
Stlth   +++          z - ring of protection from fire
HPRegen 0.32/turn    (no ring)
MPRegen 0.16/turn    (no ring)
                     (no ring)

%: faith
@: no status effects
A: almost no armour, amphibious, 8 rings, camouflage 1, gelatinous body 1,
inability to use devices, (nimble swimmer 1), tentacles
a: Renounce Religion


You were on level 8 of the Dungeon.
You worshipped Ru.
Ru was pleased with you.
You visited 1 branch of the dungeon, and saw 8 of its levels.

You collected 503 gold pieces.

Inventory:

Armour
 a - a +0 hat (worn)
Jewellery
 i - a +6 ring of dexterity (right tentacle)
 o - an amulet of faith (around mantle)
 q - a ring of magical power (left tentacle)
 s - a +5 ring of evasion (on tentacle)
 y - a ring of see invisible (on tentacle)
 z - a ring of protection from fire (on tentacle)
Scrolls
 b - a scroll of fog
 j - a scroll of teleportation
 l - a scroll of magic mapping
 m - a scroll of identify
 C - 2 scrolls of poison
Potions
 c - a potion of might {unknown}
 d - 7 potions of heal wounds
 e - a potion of haste
 f - 4 potions of mutation
 g - a potion of ambrosia {unknown}
 h - a potion of flight
 k - a potion of degeneration {unknown}
 n - a potion of lignification {unknown}
 p - a potion of cancellation {unknown}
 r - 2 potions of curing
 D - a potion of brilliance {unknown}


   Skills:
 + Level 9.2 Fighting
 - Level 2.0 Throwing
 + Level 9.5 Dodging
 + Level 9.5 Unarmed Combat


You had 9 spell levels left.
You didn't know any spells.
Your spell library contained the following spells:

 Spells                   Type           Power      Damage    Failure   Level
 Kiss of Death            Conj/Necr      0%         2d5       34%         1
 Confusing Touch          Hex            0%         N/A       71%         3
 Dazzling Flash           Conj/Hex       0%         N/A       71%         3
 Dispel Undead            Necr           0%         3d6       98%         4
 Summon Ice Beast         Ice/Summ       0%         N/A       98%         4
 Agony                    Necr           0%         N/A       100%        5
 Blade Hands              Tmut           0%         N/A       100%        5
 Irradiate                Conj/Tmut      0%         3d11      100%        5
 Silence                  Hex/Air        0%         N/A       100%        5
 Summon Mana Viper        Hex/Summ       0%         N/A       100%        5
 Dragon Form              Tmut           0%         N/A       100%        7
 Monstrous Menagerie      Summ           0%         N/A       100%        7


Dungeon Overview and Level Annotations

Branches:
Dungeon (8/15)             Temple (0/1) D:7
   Lair: D:8-11

Altars:
Fedhas
Gozag
Hepliaklqana
Ru
Trog
Vehumet
Yredelemnul

Shops:
D:4 :   D:6 [


Innate Abilities, Weirdness & Mutations

You cannot wear most types of armour.
You are amphibious.
You can wear up to eight rings at the same time.
Your skin changes colour to match your surroundings (Stealth+).
Your rubbery body absorbs attacks. (AC +1, EV +1)
You cannot study or use magical devices.
((You are camouflaged when in or above water. (Stealth+)))
You have tentacles for arms and can constrict up to eight enemies at once.


Message History

Unknown command.
You throw a javelin.
The javelin pierces through the two-headed ogre!
The two-headed ogre is lightly wounded.
You tentacle-slap the two-headed ogre but do no damage.
The two-headed ogre is lightly wounded.
The two-headed ogre closely misses you.
The two-headed ogre hits you with a +0 giant club!!
You bludgeon the two-headed ogre!
The two-headed ogre is moderately wounded.
You tentacle-slap the two-headed ogre. You squeeze the two-headed ogre.
The two-headed ogre is heavily wounded.
The two-headed ogre closely misses you. The two-headed ogre misses you.
You bludgeon the two-headed ogre!
The two-headed ogre is severely wounded.
You tentacle-slap the two-headed ogre. You squeeze the two-headed ogre.
The two-headed ogre is almost dead.
The two-headed ogre completely misses you. x2
You tentacle-slap the two-headed ogre but do no damage.
The two-headed ogre is almost dead.
You tentacle-slap the two-headed ogre.
The two-headed ogre is almost dead.
The two-headed ogre closely misses you.
The two-headed ogre hits you with a +0 giant club!!
A killer bee comes into view.
The killer bee buzzes angrily.
You tentacle-slap the two-headed ogre but do no damage.
The two-headed ogre is almost dead.
The two-headed ogre completely misses you.
The two-headed ogre hits you with a +0 giant club.
You barely miss the two-headed ogre.
The two-headed ogre is almost dead.
Okay, then.
Unknown command.
Unknown command.
The two-headed ogre attacks as you move away!
The two-headed ogre hits you with a +0 giant club!!
* * * LOW HITPOINT WARNING * * *
The two-headed ogre hits you with a +0 giant club!!
You die...

#..../.. #.
#.#.#.#. .(
#..... .# #.#.#.
###. #..... ...#.
###### #...
#O##########.
#>@..........
#..########## ##
.## #..# #. ...#
#..#
#############.
....######..#
#........†....
............#
#.#########.#.
....#.#.##### #.#
#...
........#######.#
##..
....#.#.........#
#..


You could see a two-headed ogre.

Vanquished Creatures
  Joseph (D:7)
  An unseen horror zombie (D:7)
  4 yaks
  A wyvern (D:8)
  2 steam dragons
  Duvessa (D:5)
  3 water moccasins
  An orc warrior (D:7)
  An ice beast (D:7)
  3 black bears (D:6)
  3 ogres
  4 sky beasts
  A centaur (D:8)
  A phantom (D:4)
  Blork the orc (D:5)
  5 bullfrogs
  A necrophage (D:7)
  2 gnoll sergeants
  4 wights (D:7)
  Dowan (D:5)
  A howler monkey (D:4)
  2 centaur zombies (D:7)
  2 jellies
  4 orc priests
  6 hounds
  Crazy Yiuf (D:2)
  Jessica (D:3)
  A human zombie (D:7)
  4 iguanas
  A sleepcap (D:7)
  Ijyb (D:3)
  Natasha (thrice) (D:2)
  6 orc wizards
  A killer bee zombie (D:7)
  2 mummies (D:7)
  8 adders
  8 gnolls (D:6)
  3 white imps
  A worm (D:2)
  A dart slug (D:1)
  17 orcs
  A bat (D:2)
  6 endoplasms
  2 giant cockroaches
  3 goblins
  3 hobgoblins
  2 quokkas
  2 ball pythons
  2 frilled lizards
  4 kobolds
  5 rats
145 creatures vanquished.

Vanquished Creatures (others)
  A steam dragon (D:7)
1 creature vanquished.

Grand Total: 146 creatures vanquished

Notes
Turn   | Place    | Note
-------+----------+-------------------------------------------
     0 | D:1      | Gabide the Octopode Gladiator began the quest for the Orb.
     0 | D:1      | Reached XP level 1. HP: 14/14 MP: 1/1
   332 | D:1      | Found a faded altar of an unknown god.
   431 | D:1      | Reached XP level 2. HP: 19/19 MP: 2/2
   976 | D:2      | Reached XP level 3. HP: 21/25 MP: 3/3
  1083 | D:2      | Noticed Natasha
  1093 | D:2      | Killed Natasha
  1178 | D:2      | Noticed Natasha
  1193 | D:2      | Killed Natasha
  1194 | D:2      | Reached XP level 4. HP: 11/31 MP: 4/4
  1460 | D:2      | Noticed Natasha
  1464 | D:2      | Killed Natasha
  1599 | D:2      | Found a runed translucent door.
  1600 | D:2      | Noticed Crazy Yiuf
  1606 | D:2      | Killed Crazy Yiuf
  1607 | D:2      | Reached XP level 5. HP: 36/36 MP: 5/5
  1822 | D:3      | Noticed Jessica
  1841 | D:3      | Killed Jessica
  1994 | D:3      | Noticed Ijyb
  2009 | D:3      | Killed Ijyb
  2028 | D:3      | Identified a scroll of acquirement
  2028 | D:3      | Acquired a +6 ring of dexterity
  2246 | D:3      | Found a radiant altar of Vehumet.
  2247 | D:3      | Found a bloodstained altar of Trog.
  2835 | D:4      | Reached XP level 6. HP: 43/43 MP: 6/6
  2874 | D:4      | Found Riug's Vocational Training.
  3103 | D:4      | Reached skill level 5 in Dodging
  3103 | D:4      | Reached skill level 5 in Unarmed Combat
  3103 | D:4      | Reached XP level 7. HP: 44/49 MP: 7/7
  3667 | D:5      | Entered Level 5 of the Dungeon
  3668 | D:5      | Found a hazy altar of Hepliaklqana.
  3769 | D:5      | Reached skill level 5 in Fighting
  3865 | D:5      | Found an opulent altar of Gozag.
  3875 | D:5      | Noticed Blork the orc
  3887 | D:5      | Killed Blork the orc
  3948 | D:5      | Reached XP level 8. HP: 32/55 MP: 8/8
  4069 | D:5      | Noticed Duvessa
  4070 | D:5      | Noticed Dowan
  5062 | D:5      | Killed Dowan
  5065 | D:5      | Killed Duvessa
  5202 | D:5      | Found a sacrificial altar of Ru.
  5213 | D:5      | Became a worshipper of Ru the Awakened
  6159 | D:6      | Reached XP level 9. HP: 63/63 MP: 9/9
  6710 | D:6      | Found Anall's Antique Armour Boutique.
  7389 | D:7      | Found a staircase to the Ecumenical Temple.
  7396 | D:7      | Noticed Joseph
  7404 | D:7      | Gained mutation: You cannot study or use magical devices.
                  | [Ru sacrifice]
  7404 | D:7      | Reached * piety under Ru
  7404 | D:7      | Reached ** piety under Ru
  7410 | D:7      | Killed Joseph
  7595 | D:7      | Reached XP level 10. HP: 63/72 MP: 10/10
  7874 | D:7      | Found a basalt altar of Yredelemnul.
  8109 | D:8      | Found a blossoming altar of Fedhas.
  8427 | D:8      | Noticed a two-headed ogre
  8438 | D:8      | Demolished by a two-headed ogre

Illustrated notes

Levels and vault maps discovered:
D:1:      lemuel_arrival_hallway, layout_loops_ring,
          hellmonk_ecumenical_altar_slurped_away
D:2:      layout_loops_ring, hangedman_decor_opposing, patterned_corridor,
          uniq_crazy_yiuf_cottage, uniq_natasha
D:3:      layout_rooms, nicolae_overflow_squiral, serial_co_window_serial,
          co_window_paths_a, co_window_corner_a, co_window_paths_a,
          co_window_corner_a, co_window_of_opportunity_a, co_window_paths_c,
          co_window_unsneaky_path_a, co_window_unsneaky_path_c,
          co_window_corner_cb, co_window_of_opportunity_c, co_window_corner_cb,
          co_window_paths_c, glass_columns_a, glass_columns_b, uniq_jessica,
          uniq_ijyb
D:4:      layout_loops_ring, minmay_misc_feat_tower, nicolae_shop_vocational
D:5:      layout_cave_pools, nicolae_ru_great_annihilating_truth,
          kennysheep_little_box, mainiacjoe_overflow_small_starburst,
          chequers_serial_rivers_small_3, uniq_duvessa, uniq_blork_the_orc
D:6:      layout_gridville, serial_shops, shop, columned_hall_lemuel
D:7:      layout_basic, lemuel_mausoleum_altar_yredelemnul,
          minmay_temple_entry_arrows, minmay_circle_x, uniq_joseph
D:8:      layout_loops_ring, fedhas_bush_and_centaur_altar,
          kennysheep_mini_moat, ashenzari_conservatory_becter,
          gammafunk_temple_overflow_elements, serial_glass, glass_columns_a,
          glass_columns_a

Skill      XL: |  1  2  3  4  5  6  7  8  9 10 |
---------------+-------------------------------+-----
Fighting       | 3 4 5 6 8 9 |  9.2
Dodging        | 4 5 7 8 9 |  9.5
Unarmed Combat | 4 5 7 8 9 |  9.5
Throwing       | |  2.0

Action                     |  1- 3 |  4- 6 |  7- 9 | 10-12 || total
---------------------------+-------+-------+-------+-------++-------
  Melee: Unarmed           |    52 |    63 |   254 |   145 ||   514
         Constrict         |    12 |    15 |    55 |    19 ||   101
         Tentacles         |     6 |    20 |    81 |    51 ||   158
         Punch             |     2 |     2 |    21 |    11 ||    36
  Throw: Throwing net      |     4 |     4 |       |       ||     8
         Javelin           |       |     1 |     4 |     2 ||     7
 Invoke: Sacrifice Artific |       |       |     1 |       ||     1
  Evoke: Wand              |       |     3 |     4 |       ||     7
    Use: Scroll            |       |    10 |     6 |       ||    16
         Potion            |       |       |     1 |       ||     1
   Stab: Sleeping          |     7 |     6 |     4 |    11 ||    28
         Held in net/web   |     1 |     4 |       |       ||     5
         Paralysed         |       |     2 |     4 |       ||     6
         Distracted        |       |       |     1 |       ||     1
 Armour: Skin              |     3 |       |     1 |     5 ||     9
  Dodge: Dodged            |    19 |    16 |   247 |   160 ||   442
